[Event "Team 45 45 League T78"]
[Site "Internet Chess Club"]
[Date "2018.09.20"]
[Round "1"]
[White "chessabc"]
[Black "MarcB"]
[Result "1-0"]
[WhiteElo "1765"]
[BlackElo "1624"]
[Opening "Levitsky attack (Queen's bishop attack)"]
[ECO "D00"]
[Time "19:30:50"]
[TimeControl "2700+45"]

1. d4 d5 2. Bg5 Nc6 3. e3 f6 4. Bf4 Bf5 5. a3 e5 6. Bg3 exd4 7. exd4 Bd6 8. Nc3
Nge7 9. Bb5 O-O 10. Nge2 Be6 11. O-O a6 12. Bd3 Nf5 13. Bxf5 Bxf5 14. f4 Ne7 15.
Qd2 c6 16. Nd1 Qc7 17. Ne3 Be4 18. Rac1 Nf5 19. Nxf5 Bxf5 20. c4 dxc4 21. Rxc4
b5 22. Rc3 b4 23. Re3 bxa3 24. bxa3 c5 25. Rc1 Qb6 26. Qa2+ Kh8 27. Qd5 cxd4 28.
Nxd4 Bg6 29. Rc6 Qb1+ 30. Re1 Qb2 31. Rxd6 Qxa3 32. Rd7 Rfe8 33. f5 Rxe1+ 34.
Bxe1 Qe3+ 35. Kf1 Qd3+ 36. Ne2 Qxf5+ 37. Qxf5 Bxf5 38. Rd5 Be6 39. Ra5 Bc4 40.
Kf2 Re8 41. Nd4 h6 42. Rc5 Bd3 43. Ba5 Kh7 44. Bd2 Ra8 45. Rc7 Kg6 46. Ke3 Bf1
47. Kf2 Bd3 48. Ne6 Rg8 49. Nf4+ {Black resigns} 1-0

[Event "Team 45 45 League T78"]
[Site "Internet Chess Club"]
[Date "2018.09.23"]
[Round "1"]
[White "Insan996"]
[Black "Timotheous"]
[Result "1/2-1/2"]
[WhiteElo "1646"]
[BlackElo "1698"]
[Opening "King's Indian, 3.Nf3"]
[ECO "E60"]
[Time "10:43:53"]
[TimeControl "2700+45"]

1. d4 Nf6 2. Nf3 g6 3. c4 c5 4. Nc3 cxd4 5. Nxd4 Nc6 6. g3 Bg7 7. Bg2 O-O 8. O-O
a6 9. b3 Nxd4 10. Qxd4 Ne4 11. Qxe4 Bxc3 12. Rb1 d6 13. Qc2 Bf6 14. Bb2 Bxb2 15.
Qxb2 Rb8 16. Rfd1 Qc7 17. Rbc1 b6 18. Qd2 Kg7 19. Qd4+ f6 20. Rc3 Qc5 21. Qe4
Re8 22. Rcd3 Bf5 23. Qd4 Bxd3 24. Qxd3 b5 25. cxb5 Qxb5 26. Qd2 Qc5 27. Rc1 Qb4
28. Qxb4 Rxb4 29. Rc6 a5 30. Rc7 Kf8 31. Bc6 Reb8 32. Ra7 Rc8 33. Ra6 Rd4 34.
Bb5 Rc5 35. Rxa5 Rb4 36. Ra8+ Kg7 37. Bc4 d5 38. Bd3 f5 39. f4 h6 40. Kf2 g5 41.
e3 Rc3 42. Ke2 d4 43. Kd2 Rc5 44. Bc4 dxe3+ 45. Kxe3 Rcxc4 46. bxc4 Rxc4 47. a4
g4 48. Kd3 Rc1 49. a5 Rh1 50. a6 Rxh2 51. a7 Ra2 52. Kd4 h5 53. Ke5 h4 54. gxh4
g3 55. Rb8 Rxa7 56. Rb3 Ra5+ 57. Ke6 Ra6+ 58. Kxf5 Rg6 59. Rb1 e6+ 60. Ke4 Kh6
61. Rg1 g2 62. Kf3 Kh5 63. Rxg2 Rxg2 64. Kxg2 Kxh4 65. Kf3 Kh3 66. Ke4 Kg3 67.
Ke3 Kg4 68. Ke4 Kg3 69. Ke3 Kg4 70. Ke4 Kg3 71. Ke5 Kg4 72. Kxe6 Kxf4 {Game
drawn because neither player has mating material} 1/2-1/2

[Event "Team 45 45 League T78"]
[Site "Internet Chess Club"]
[Date "2018.09.22"]
[Round "1"]
[White "Kingfisher75"]
[Black "fireball"]
[Result "1-0"]
[WhiteElo "1559"]
[BlackElo "1577"]
[Opening "French: Tarrasch, closed variation"]
[ECO "C05"]
[Time "11:01:36"]
[TimeControl "2700+45"]

1. e4 e6 2. d4 d5 3. Nd2 Nf6 4. e5 Nfd7 5. Bd3 c5 6. c3 cxd4 7. cxd4 Bb4 8. a3
Ba5 9. b4 Bb6 10. Ngf3 f6 11. exf6 Nxf6 12. O-O O-O 13. Bb2 Nc6 14. Nb3 Qd6 15.
Re1 Bc7 16. Ne5 Qe7 17. Rc1 Nxe5 18. dxe5 Ne8 19. Qh5 g6 20. Qh6 Qg7 21. Qxg7+
Nxg7 22. Rxc7 b6 23. Bb5 a6 24. Bc6 Rb8 25. Bc1 Rf7 26. Rxf7 Kxf7 27. Nd4 a5 28.
b5 Nf5 29. Nxf5 gxf5 30. Bg5 Bb7 31. Rc1 Bc8 32. Bd8 Kg6 33. Bc7 {Black resigns}
1-0

[Event "Team 45 45 League T78"]
[Site "Internet Chess Club"]
[Date "2018.09.22"]
[Round "1"]
[White "Skeptic1972"]
[Black "chesskix"]
[Result "0-1"]
[WhiteElo "1478"]
[BlackElo "1356"]
[Opening "Scandinavian (center counter) defense"]
[ECO "B01"]
[Time "11:04:11"]
[TimeControl "2700+45"]

1. e4 d5 2. exd5 Qxd5 3. Nc3 Qd8 4. d4 Bf5 5. Bd3 e6 6. Bxf5 exf5 7. Nf3 c6 8.
O-O Be7 9. Bd2 Nd7 10. Qe2 h6 11. Rad1 a5 12. Rfe1 Kf8 13. d5 Bb4 14. dxc6 bxc6
15. Ne5 Nxe5 16. Qxe5 Qf6 17. Qc7 Qd6 18. Qxd6+ Bxd6 19. Bxh6 Rxh6 {White
resigns} 0-1

[Event "Team 45 45 League T78"]
[Site "Internet Chess Club"]
[Date "2018.09.25"]
[Round "1"]
[White "cityprosecutor"]
[Black "Goli"]
[Result "1/2-1/2"]
[WhiteElo "1686"]
[BlackElo "1707"]
[Opening "Pirc: classical, h3 system"]
[ECO "B06"]
[Time "13:00:25"]
[TimeControl "2700+45"]

1. e4 g6 2. d4 Bg7 3. Nc3 d6 4. Nf3 Nf6 5. h3 O-O 6. Be3 Nc6 7. Qd2 a6 8. Bh6 b5
9. Bxg7 Kxg7 10. Bd3 e5 11. d5 Ne7 12. O-O Nh5 13. a3 Nf4 14. Ne2 Nxd3 15. cxd3
h6 16. Rac1 Bd7 17. Nh2 c5 18. dxc6 Nxc6 19. f4 Qb6+ 20. Kh1 Nd4 21. Nxd4 Qxd4
22. Rc7 Be6 23. f5 gxf5 24. exf5 Bd5 25. f6+ Kg6 26. Ng4 Rh8 27. Nf2 Rac8 28.
Rxc8 Rxc8 29. Qe2 Kxf6 30. Ne4+ Ke7 31. Qf3 Be6 32. Nf6 d5 33. Ng4 e4 34. dxe4
Qxe4 35. Qf6+ Kd6 36. Nxh6 {Game drawn by mutual agreement} 1/2-1/2

[Event "Team 45 45 League T78"]
[Site "Internet Chess Club"]
[Date "2018.09.22"]
[Round "1"]
[White "Egmont"]
[Black "elessar"]
[Result "0-1"]
[WhiteElo "1669"]
[BlackElo "1630"]
[Opening "Dutch defense"]
[ECO "A40"]
[Time "09:00:21"]
[TimeControl "2700+45"]

1. d4 e6 2. c4 f5 3. Nf3 Nf6 4. Bf4 d6 5. e3 Be7 6. h3 O-O 7. Bd3 b6 8. O-O Bb7
9. Nbd2 h6 10. Rc1 a5 11. a4 Na6 12. Qb3 Nb4 13. Bb1 c5 14. Rfe1 Qd7 15. Qd1
Rae8 16. dxc5 dxc5 17. Ne5 Qc8 18. Qe2 Qa8 19. f3 g5 20. Bg3 Bd6 21. f4 Bxe5 22.
fxe5 Ne4 23. Bh2 Nxd2 24. Qxd2 Rd8 25. Qe2 Be4 26. Bxe4 Qxe4 27. Rcd1 Nd3 28.
Qh5 Kg7 29. g4 Nxe1 30. Rxe1 Rd2 {White resigns} 0-1

[Event "Team 45 45 League T78"]
[Site "Internet Chess Club"]
[Date "2018.09.21"]
[Round "1"]
[White "Hal2001"]
[Black "Demachaeron"]
[Result "1/2-1/2"]
[WhiteElo "1584"]
[BlackElo "1786"]
[Opening "Scandinavian (center counter) defense"]
[ECO "B01"]
[Time "21:02:57"]
[TimeControl "2700+45"]

1. e4 d5 2. exd5 Qxd5 3. Nc3 Qd8 4. Bc4 Nf6 5. Qe2 Bf5 6. d3 c6 7. Nf3 e6 8. Nh4
Bg6 9. g4 Qd4 10. f4 Be7 11. Nf3 Qd8 12. Ne5 Nbd7 13. Nxg6 hxg6 14. Bd2 a5 15.
a3 Nd5 16. O-O-O Qc7 17. Nxd5 cxd5 18. Ba2 b5 19. f5 gxf5 20. gxf5 Qe5 21. Qxe5
Nxe5 22. fxe6 fxe6 23. Rde1 Bf6 24. d4 Nf3 25. Rxe6+ Kd7 26. Bxd5 Nxd2 27. Kxd2
Raf8 28. Kd3 Rh5 29. Ba2 Rh4 30. Re4 Rh3+ 31. Re3 Rh4 32. c3 Bg5 33. Rg3 Bh6 34.
Rg2 Rf3+ 35. Kc2 Rhf4 36. Re1 Rf2+ 37. Re2 R2f3 38. Bd5 Rf1 39. Be6+ Kc7 40. Kb3
R1f3 41. Kc2 Rf1 42. Bh3 R1f3 43. Bg4 Rf1 44. Re7+ Kd6 45. Re6+ Kc7 46. Ree2
{Game drawn by mutual agreement} 1/2-1/2

[Event "Team 45 45 League T78"]
[Site "Internet Chess Club"]
[Date "2018.09.21"]
[Round "1"]
[White "tightfist"]
[Black "Constrictor"]
[Result "1/2-1/2"]
[WhiteElo "1542"]
[BlackElo "1551"]
[Opening "Budapest: Fajarowicz variation"]
[ECO "A51"]
[Time "20:30:28"]
[TimeControl "2700+45"]

1. d4 Nf6 2. c4 e5 3. dxe5 Ne4 4. a3 Qh4 5. g3 Qh5 6. Nf3 Nc6 7. Qd5 Qf5 8. Nc3
Nxc3 9. bxc3 Be7 10. Bg2 O-O 11. e4 Qe6 12. Bf4 b6 13. Nd4 Qg6 14. Nxc6 Qxc6 15.
Qxc6 dxc6 16. Bf1 Rd8 17. Be2 Be6 18. a4 h6 19. h4 Bc5 20. O-O Rd7 21. Rfd1 Rad8
22. Rxd7 Rxd7 23. Kf1 Kh7 24. Ke1 g6 25. a5 Kg7 26. axb6 cxb6 27. Ra4 h5 28. Bg5
a5 29. Bf6+ Kf8 30. Bg5 Ke8 {Game drawn by mutual agreement} 1/2-1/2

[Event "Team 45 45 League T78"]
[Site "Internet Chess Club"]
[Date "2018.09.21"]
[Round "1"]
[White "Monterrey"]
[Black "Sloggi"]
[Result "1/2-1/2"]
[WhiteElo "1869"]
[BlackElo "1961"]
[Opening "QGD Slav: 4.Nc3"]
[ECO "D15"]
[Time "22:04:09"]
[TimeControl "2700+45"]

1. d4 d5 2. c4 c6 3. Nc3 Nf6 4. Nf3 a6 5. e3 b5 6. b3 Bg4 7. Bd3 e6 8. O-O Nbd7
9. Bb2 Be7 10. Be2 Bd6 11. h3 Bh5 12. Rc1 Rc8 13. c5 Bc7 14. b4 O-O 15. g4 Bg6
16. Nh4 e5 17. Nxg6 hxg6 18. f4 exf4 19. exf4 Qe7 20. Rf3 Rce8 21. Bd3 Ne4 22.
Qe2 Nxc3 23. Qxe7 Rxe7 24. Bxc3 Rfe8 25. g5 Re3 26. Kf2 Bxf4 27. Rg1 Rxf3+ 28.
Kxf3 Re3+ 29. Kxf4 Rxd3 30. Rg3 Rd1 31. Re3 Kf8 32. a3 Rf1+ 33. Rf3 Rg1 34. Re3
Rf1+ 35. Rf3 Rg1 36. Re3 Rf1+ {Game drawn by repetition} 1/2-1/2

[Event "Team 45 45 League T78"]
[Site "Internet Chess Club"]
[Date "2018.09.21"]
[Round "1"]
[White "cool64chess"]
[Black "leandromorg"]
[Result "1-0"]
[WhiteElo "2005"]
[BlackElo "1761"]
[Opening "QGD: 3.Nc3"]
[ECO "D31"]
[Time "22:01:12"]
[TimeControl "2700+45"]

1. d4 d5 2. c4 e6 3. Nc3 f5 4. Nf3 c6 5. Bf4 Nf6 6. e3 Bd6 7. Ne5 O-O 8. Bd3 Qe7
9. c5 Bc7 10. O-O Ne4 11. Nxe4 fxe4 12. Be2 Qd8 13. Bg4 Re8 14. f3 Nd7 15. fxe4
Nxe5 16. dxe5 Qe7 17. Qd4 b6 18. Rac1 Ba6 19. Rfd1 g5 20. Bg3 Bc4 21. b3 Ba6 22.
Bf3 Rad8 23. exd5 exd5 24. Bh5 Rf8 25. e6 Bxg3 26. Bf7+ Rxf7 27. exf7+ Qxf7 28.
hxg3 Rf8 29. cxb6 Qf2+ 30. Kh2 Rf6 31. Rxc6 Rxc6 32. Qxd5+ Qf7 33. bxa7 {Black
resigns} 1-0

[Event "Team 45 45 League T78"]
[Site "Internet Chess Club"]
[Date "2018.09.23"]
[Round "1"]
[White "Ajolote"]
[Black "WillC"]
[Result "1-0"]
[WhiteElo "1890"]
[BlackElo "1679"]
[Opening "Sicilian: closed, Korchnoi variation"]
[ECO "B23"]
[Time "19:02:39"]
[TimeControl "2700+45"]

1. e4 c5 2. Nc3 e6 3. g3 d5 4. exd5 exd5 5. Bg2 Nf6 6. d3 Be7 7. Nge2 O-O 8. O-O
b6 9. Bg5 Bb7 10. Nf4 Na6 11. Bxf6 Bxf6 12. Nfxd5 Bxc3 13. Nxc3 Bxg2 14. Kxg2
Qd7 15. a3 Rfe8 16. Qf3 Rac8 17. Rfe1 Nb8 18. Qd5 Qc6 19. Re3 Rxe3 20. fxe3 Rd8
21. Qxc6 Nxc6 22. Rf1 f6 23. Rf4 Kf7 24. h4 h5 25. Ne4 Ke6 26. Nd2 Ne5 27. d4
Ng6 28. Re4+ Kf5 29. c4 Rd6 30. Kf3 Ne5+ 31. Ke2 cxd4 32. exd4 Nc6 33. Ke3 Rd7
34. Nf3 Na5 35. d5 Nb3 36. Nd4+ Nxd4 37. Kxd4 g5 38. b4 Kg6 39. c5 bxc5+ 40.
bxc5 f5 41. c6 Rc7 42. Re6+ Kf7 43. hxg5 f4 44. gxf4 {Black resigns} 1-0

[Event "Team 45 45 League T78"]
[Site "Internet Chess Club"]
[Date "2018.09.25"]
[Round "1"]
[White "kllrchris"]
[Black "nealbruce"]
[Result "1/2-1/2"]
[WhiteElo "1628"]
[BlackElo "1681"]
[Opening "Two knights defense (Modern bishop's opening)"]
[ECO "C55"]
[Time "19:11:09"]
[TimeControl "2700+45"]

1. e4 e5 2. Nf3 Nc6 3. Bc4 Nf6 4. d3 Be7 5. O-O O-O 6. Bb3 d6 7. c3 Na5 8. Bc2
c5 9. a3 Qc7 10. Nbd2 Bd7 11. Re1 Rac8 12. Bb1 c4 13. d4 b5 14. Bc2 Rfe8 15. Nf1
Bf8 16. Bg5 Be7 17. Bc1 Nc6 18. d5 Na5 19. h3 Nb7 20. Ng3 Nc5 21. Bg5 Qd8 22.
Nh4 Nxd5 23. Bxe7 Nxe7 24. Qxd6 Rc6 25. Qd2 Ng6 26. Nxg6 Rxg6 27. Rad1 Qb6 28.
Qe3 Be6 29. Rd2 Qc7 30. Red1 {Game drawn by mutual agreement} 1/2-1/2

[Event "Team 45 45 League T78"]
[Site "Internet Chess Club"]
[Date "2018.09.23"]
[Round "1"]
[White "backrankbrawler"]
[Black "laurenpar"]
[Result "0-1"]
[WhiteElo "1718"]
[BlackElo "1874"]
[Opening "Queen's pawn"]
[ECO "A40"]
[Time "21:31:40"]
[TimeControl "2700+45"]

1. d4 e6 2. Nf3 f5 3. e3 Nf6 4. Be2 Be7 5. O-O O-O 6. c4 d6 7. b4 a5 8. b5 Ne4
9. Qc2 Nd7 10. a4 Bf6 11. Bb2 b6 12. Nbd2 Bb7 13. Rad1 Qe7 14. Nb3 Kh8 15. Nfd2
Nxd2 16. Nxd2 g6 17. Bf3 Bxf3 18. Nxf3 e5 19. Rfe1 Qg7 20. Ba3 e4 21. Nd2 Rf7
22. Nb3 Re8 23. c5 dxc5 24. dxc5 Ne5 25. Nd4 Nd3 26. Nc6 Nxe1 27. Rxe1 Rd7 28.
cxb6 cxb6 29. Rd1 Rxd1+ 30. Qxd1 Bb2 31. Bd6 h5 32. h4 Bf6 33. g3 Qd7 34. Qd5
Re6 35. Nd8 Rxd6 36. Qxd6 Qxd8 37. Qxd8+ Bxd8 38. Kg2 Kg7 39. f3 Kf6 40. g4
exf3+ 41. Kxf3 Ke5 {White resigns} 0-1

[Event "Team 45 45 League T78"]
[Site "Internet Chess Club"]
[Date "2018.09.22"]
[Round "1"]
[White "bradleyguo175"]
[Black "Zugzwanged"]
[Result "1-0"]
[WhiteElo "1788"]
[BlackElo "1698"]
[Opening "Bogo-Indian defense"]
[ECO "E11"]
[Time "10:04:25"]
[TimeControl "2700+45"]

1. d4 Nf6 2. c4 e6 3. Nf3 Bb4+ 4. Bd2 c5 5. Nc3 cxd4 6. Nxd4 Nc6 7. e3 O-O 8.
Bd3 d6 9. O-O e5 10. Nf5 Bxc3 11. Bxc3 e4 12. Nxg7 exd3 13. Nh5 Nxh5 14. Qxh5 f6
15. Qd5+ Kh8 16. Rfd1 Qe7 17. Rd2 Be6 18. Qxd3 Ne5 19. Qxd6 Qxd6 20. Rxd6 Bxc4
21. f4 Ng4 22. e4 Rad8 23. Rxd8 Rxd8 24. h3 Re8 25. hxg4 Rxe4 26. Bxf6+ Kg8 27.
Be5 Re2 28. Rc1 Bd5 29. Rc8+ Kf7 30. Rc7+ Kg8 31. g3 Rg2+ 32. Kf1 Rxg3 33. g5 a6
34. Rg7+ Kf8 35. Rxh7 Be4 36. Rh8+ Kf7 37. Kf2 Rf3+ 38. Ke2 Rg3 39. Rh6 Kg8 40.
Rf6 Kh7 41. Rf8 Rf3 42. Rh8+ Kg6 43. Rh6+ Kf5 44. Rf6+ Kg4 45. g6 Kh5 46. g7 Rg3
47. Rf8 Bh7 48. f5 Rg5 49. Bd4 Rg4 50. Rh8 Kh6 51. Be3+ Kxg7 52. Rb8 Bxf5 53.
Rxb7+ Kf8 54. Ra7 Be6 55. Kf3 Ra4 56. Bc5+ Ke8 57. Re7+ Kd8 58. Rxe6 Rxa2 59.
Ba3 Ra1 60. Rxa6 Rd1 61. Rd6+ Rxd6 62. Bxd6 Kc8 63. b4 Kb7 64. Ke4 Kc6 65. Bc5
Kb5 66. Kd5 Ka6 67. Kc4 Kb7 68. b5 Kc7 69. b6+ Kc6 70. Kb4 Kb7 71. Kb5 {Black
resigns} 1-0

[Event "Team 45 45 League T78"]
[Site "Internet Chess Club"]
[Date "2018.09.22"]
[Round "1"]
[White "ivanson"]
[Black "Fianchettoed"]
[Result "1/2-1/2"]
[WhiteElo "1725"]
[BlackElo "1770"]
[Opening "Caro-Kann: Tartakower (Nimzovich) variation"]
[ECO "B15"]
[Time "14:00:35"]
[TimeControl "2700+45"]

1. e4 c6 2. d4 d5 3. Nc3 dxe4 4. Nxe4 Nf6 5. Nxf6+ exf6 6. c3 Bd6 7. Bd3 O-O 8.
Qc2 Re8+ 9. Ne2 g6 10. h4 Nd7 11. h5 Nf8 12. hxg6 fxg6 13. Be3 Be6 14. O-O-O Qa5
15. b3 Bf7 16. Nf4 Qc7 17. g3 a5 18. Rh2 a4 19. b4 Qd7 20. Rdh1 f5 21. Qd2 Bxf4
22. Bxf4 Bd5 23. Rf1 Qf7 24. Kb1 Nd7 25. f3 Nb6 26. g4 Nc4 27. Qf2 fxg4 28. fxg4
Rf8 29. Bh6 Qxf2 30. Rhxf2 Rxf2 31. Rxf2 Re8 32. Bxc4 Bxc4 33. a3 Be2 34. Rf4
Bd3+ 35. Kc1 b5 36. Kd2 Bc4 37. Rf2 Bf7 38. Re2 Rxe2+ {Game drawn by mutual
agreement} 1/2-1/2

[Event "Team 45 45 League T78"]
[Site "Internet Chess Club"]
[Date "2018.10.01"]
[Round "1"]
[White "Beetlejuice"]
[Black "Manas"]
[Result "1-0"]
[WhiteElo "1712"]
[BlackElo "1734"]
[Opening "Queen's gambit declined"]
[ECO "D30"]
[Time "13:00:57"]
[TimeControl "2700+45"]

1. d4 d5 2. c4 e6 3. Nf3 b6 4. Nc3 Nf6 5. Bg5 Be7 6. e3 O-O 7. Bd3 Bb7 8. O-O
Nbd7 9. Rc1 Rc8 10. cxd5 exd5 11. Qa4 a6 12. b4 b5 13. Qb3 Nb6 14. a4 bxa4 15.
Nxa4 Nxa4 16. Qxa4 Qd6 17. Rb1 Ne4 18. Bxe7 Qxe7 19. Rfc1 Qd6 20. Ne5 Rfd8 21.
Be2 Qb6 22. Rb2 f6 23. Nd3 Ra8 24. Qa5 Nd6 25. Rxc7 Qxa5 26. bxa5 Rac8 27. Rxc8
Bxc8 28. Nc5 Nc4 29. Rb8 Kf7 30. Bg4 Nd6 31. Bxc8 Rxc8 32. Rxc8 Nxc8 33. Nxa6
Ke7 34. Kf1 Kd6 35. Ke2 Kc6 36. Nb4+ Kd6 37. Kd3 f5 38. Na6 Na7 39. Nc5 Kc6 40.
a6 Nb5 41. Ke2 Nc7 42. Kf3 g5 43. g4 fxg4+ 44. Kxg4 h6 45. Kh5 Kb6 46. Kxh6
{Black resigns} 1-0

[Event "Team 45 45 League T78"]
[Site "Internet Chess Club"]
[Date "2018.09.20"]
[Round "1"]
[White "kutch"]
[Black "Hectormercado"]
[Result "1-0"]
[WhiteElo "1533"]
[BlackElo "1502"]
[Opening "QGD: 4.Bg5 Be7"]
[ECO "D53"]
[Time "20:01:49"]
[TimeControl "2700+45"]

1. d4 d5 2. c4 e6 3. Nc3 Nf6 4. Bg5 Be7 5. e3 Bd7 6. Bxf6 Bxf6 7. cxd5 c6 8.
dxe6 Bxe6 9. Nf3 Bg4 10. Be2 Qb6 11. Qd2 O-O 12. O-O Nd7 13. h3 Bh5 14. a3 Rfe8
15. b4 Rad8 16. Qc2 Bg6 17. Bd3 Bxd3 18. Qxd3 Ne5 19. Nxe5 Bxe5 20. Qc4 Bf6 21.
Rfe1 Re6 22. Rad1 Red6 23. Ne4 Re6 24. Nxf6+ Rxf6 25. d5 Rfd6 26. e4 h6 27. Rd4
cxd5 28. Rxd5 Rxd5 29. exd5 Rd6 30. Rd1 Rf6 31. Qd4 Qxd4 32. Rxd4 Rd6 33. f4 Kf8
34. Kf2 Ke7 35. b5 Rb6 36. a4 a6 37. bxa6 Rxa6 38. Ke3 f5 39. Rb4 Kd6 40. Kd4 b6
41. Rc4 g5 42. fxg5 hxg5 43. Rc6+ Ke7 44. Ke5 f4 45. Rc4 Ra5 46. Rd4 b5 47. axb5
Rxb5 48. Kf5 Kd6 49. Kxg5 f3 50. gxf3 Rb3 51. Kg4 Ke5 52. Rd1 Rb2 53. d6 Rg2+
54. Kh4 Rg8 55. d7 Rd8 56. Kg3 Rg8+ 57. Kf2 Rd8 58. h4 Kf5 59. Ke3 Kg6 60. Rd5
Kh6 61. Kd4 Kg6 62. Kc5 Kf7 63. Kc6 Ke6 64. Rd1 Kf6 65. Kc7 Ke7 66. Re1+ {Black
resigns} 1-0

[Event "Team 45 45 League T78"]
[Site "Internet Chess Club"]
[Date "2018.09.22"]
[Round "1"]
[White "drsigmund1"]
[Black "Electryon"]
[Result "1/2-1/2"]
[WhiteElo "1502"]
[BlackElo "1486"]
[Opening "Queen's pawn, Mason variation, Steinitz counter-gambit"]
[ECO "D00"]
[Time "20:01:21"]
[TimeControl "2700+45"]

1. d4 d5 2. Bf4 c5 3. c3 cxd4 4. cxd4 Nf6 5. e3 Nc6 6. Nd2 a6 7. Bd3 Bg4 8. f3
Bh5 9. Ne2 e6 10. O-O Bd6 11. Bg5 Bg6 12. e4 Be7 13. Nb3 dxe4 14. fxe4 Bxe4 15.
Bxf6 Bxd3 16. Bxg7 Bxe2 17. Qxe2 Rg8 18. Bh6 Nxd4 19. Nxd4 Qxd4+ 20. Kh1 Rg6 21.
Qf3 Rf6 22. Qxb7 Qd5 23. Qxd5 exd5 24. Rxf6 Bxf6 25. Re1+ Kd7 26. Rf1 Ke6 27.
Re1+ Kd7 28. Rf1 Ke6 29. Re1+ {Game drawn by mutual agreement} 1/2-1/2

[Event "Team 45 45 League T78"]
[Site "Internet Chess Club"]
[Date "2018.09.24"]
[Round "1"]
[White "clarinetref"]
[Black "LuFran"]
[Result "1/2-1/2"]
[WhiteElo "1493"]
[BlackElo "1505"]
[Opening "Réti: Nimzovich-Larsen attack"]
[ECO "A06"]
[Time "20:03:35"]
[TimeControl "2700+45"]

1. Nf3 d5 2. b3 Nf6 3. g3 c6 4. Bb2 Bg4 5. Bg2 Nbd7 6. d4 e6 7. Nbd2 Be7 8. h3
Bf5 9. c4 h6 10. O-O O-O 11. Re1 Qc7 12. cxd5 exd5 13. Nf1 Bd6 14. a4 Bb4 15.
N1d2 Rfe8 16. Ba3 Bxa3 17. Rxa3 b6 18. Ra1 Ne4 19. Rc1 Rac8 20. Nxe4 Bxe4 21.
Qd2 Qb7 22. Rc3 Nf6 23. Qf4 c5 24. Rec1 Qe7 25. Ne5 Bxg2 26. Kxg2 Nd7 27. Re3
Nf8 28. dxc5 bxc5 29. Nd3 Ne6 30. Qf3 Qb7 31. Re5 Red8 32. e3 Qxb3 33. Nf4 Nxf4+
34. Qxf4 c4 35. Re7 Rf8 36. Rxa7 c3 37. Rc7 Rxc7 38. Qxc7 Qxa4 39. Qxc3 Re8 40.
Qd4 Qxd4 {Game drawn by mutual agreement} 1/2-1/2

[Event "Team 45 45 League T78"]
[Site "Internet Chess Club"]
[Date "2018.09.23"]
[Round "1"]
[White "howah45"]
[Black "sdcohle"]
[Result "0-1"]
[WhiteElo "1072"]
[BlackElo "1369"]
[Opening "French: advance, Nimzovich system"]
[ECO "C02"]
[Time "13:01:00"]
[TimeControl "2700+45"]

1. e4 e6 2. d4 d5 3. e5 c5 4. Nf3 Qb6 5. Nc3 Bd7 6. Be2 Nc6 7. Bb5 a6 8. Ba4
cxd4 9. Bxc6 Bxc6 10. Nxd4 Bd7 11. O-O Ne7 12. Qd3 Ng6 13. Re1 Bc5 14. Be3 O-O
15. Na4 Bxa4 16. Qc3 Bb4 17. Nxe6 Bxc3 18. Bxb6 Bxe1 19. Nxf8 Bxf2+ 20. Bxf2
Rxf8 21. Rd1 Bc6 22. Bg3 Re8 23. Re1 Re6 24. h4 f6 25. exf6 Rxe1+ 26. Bxe1 gxf6
27. Kh2 h5 28. Kh3 Kf7 29. g4 Bd7 30. c3 Bxg4+ 31. Kh2 f5 32. Kg2 Ne5 33. Kf1
Nd3 34. Bg3 Nxb2 35. Ke1 b5 36. Kd2 Nc4+ 37. Kd3 Ke6 38. Kd4 Nd6 39. Kc5 Ne4+
{White resigns} 0-1

[Event "Team 45 45 League T78"]
[Site "Internet Chess Club"]
[Date "2018.09.19"]
[Round "1"]
[White "rubo"]
[Black "cayo89"]
[Result "1/2-1/2"]
[WhiteElo "1624"]
[BlackElo "1654"]
[Opening "Queen's Pawn"]
[ECO "A41"]
[Time "20:00:54"]
[TimeControl "2700+45"]

1. d4 d6 2. Bf4 Nf6 3. e3 g6 4. c4 Bg7 5. Nc3 Nbd7 6. Nf3 O-O 7. Be2 Re8 8. O-O
b6 9. h3 Bb7 10. Qc2 e5 11. Bh2 e4 12. Nd2 Qe7 13. Nb5 Rec8 14. a3 a6 15. Nc3
Re8 16. b4 c5 17. bxc5 bxc5 18. d5 Rab8 19. Rab1 Bc8 20. Rxb8 Nxb8 21. Ncxe4
Nxe4 22. Qxe4 Qxe4 23. Nxe4 Rxe4 24. Bxd6 Nd7 25. Bd3 Re8 26. Rb1 Be5 27. Bxe5
Nxe5 28. Be2 Nd7 29. Kf1 Kg7 30. Rb3 f5 31. f4 Kf6 32. Kf2 h6 33. h4 Rg8 34. g4
Re8 35. g5+ hxg5 36. hxg5+ Kg7 37. Rb1 Rh8 38. Kg2 Re8 39. Kf3 Rh8 40. Kg2 Re8
41. Kf3 Rh8 42. Kg2 {Game drawn by repetition} 1/2-1/2

[Event "Team 45 45 League T78"]
[Site "Internet Chess Club"]
[Date "2018.09.23"]
[Round "1"]
[White "dalmata"]
[Black "murimeesoo"]
[Result "1-0"]
[WhiteElo "1424"]
[BlackElo "1415"]
[Opening "Neo-Indian (Seirawan) attack"]
[ECO "E00"]
[Time "12:59:33"]
[TimeControl "2700+45"]

1. d4 Nf6 2. c4 e6 3. Bg5 d5 4. e3 b6 5. Nc3 Bb4 6. Nf3 O-O 7. Bd3 Ba6 8. cxd5
Bxd3 9. Qxd3 exd5 10. O-O c6 11. Ne5 Re8 12. a3 Bd6 13. f4 h6 14. Bxf6 Qxf6 15.
Rf3 Qe7 16. Rg3 f6 17. Ng6 Qf7 18. Re1 Nd7 19. e4 Nf8 20. e5 c5 21. Nb5 Rad8 22.
Nxd6 Rxd6 23. Nxf8 Qxf8 24. Rge3 fxe5 25. dxe5 d4 26. Re4 Rde6 27. Qc4 Kh8 28.
g3 Qf5 29. Qe2 Rc8 30. Qa6 Qf7 31. Qxc8+ Kh7 32. Kf2 d3 33. Qd8 c4 34. Rxc4 Rxe5
35. Qxd3+ Rf5 36. Rd4 Qh5 37. h4 Qf7 38. Re5 Kg6 39. h5+ Kxh5 40. Rxf5+ Qxf5
{Black resigns} 1-0

[Event "Team 45 45 League T78"]
[Site "Internet Chess Club"]
[Date "2018.09.21"]
[Round "1"]
[White "nosir"]
[Black "Pawnchain"]
[Result "1/2-1/2"]
[WhiteElo "1408"]
[BlackElo "1442"]
[Opening "Queen's pawn game"]
[ECO "A46"]
[Time "15:01:16"]
[TimeControl "2700+45"]

1. d4 Nf6 2. Nf3 c5 3. Bf4 e6 4. e3 Qb6 5. Nc3 cxd4 6. Nb5 Na6 7. Qxd4 Qxd4 8.
exd4 Nh5 9. Bd6 Bxd6 10. Nxd6+ Ke7 11. Nxc8+ Rhxc8 12. c3 Nc7 13. Bd3 Nf4 14.
Bf1 d6 15. g3 Nfd5 16. Bg2 Rab8 17. O-O Nf6 18. Nd2 d5 19. Rfe1 b6 20. f4 g6 21.
Nf3 Nd7 22. Ne5 Nxe5 23. fxe5 Ne8 24. Bh3 Ng7 25. Rac1 b5 26. Bf1 a5 27. b3 h5
28. a3 Nf5 29. Bd3 Ng7 30. Re2 b4 31. axb4 axb4 32. Rec2 bxc3 33. Rxc3 Kd8 34.
Kf2 Ne8 35. Rxc8+ Rxc8 36. Rxc8+ Kxc8 37. b4 g5 38. b5 Kb7 39. Kf3 f6 40. exf6
Nxf6 41. h3 g4+ 42. hxg4 Nxg4 43. Be2 Nf6 44. Kf4 Kc7 45. Ke5 Ne4 46. Kxe6 Nxg3
47. Bf3 h4 48. Bg2 Ne2 49. Ke5 Kb6 50. Bf1 Nc3 51. Bg2 {Game drawn by mutual
agreement} 1/2-1/2

[Event "Team 45 45 League T78"]
[Site "Internet Chess Club"]
[Date "2018.09.22"]
[Round "1"]
[White "rkjulianjr"]
[Black "SeniorCitizen"]
[Result "1-0"]
[WhiteElo "1308"]
[BlackElo "1209"]
[Opening "QGD: exchange, positional line"]
[ECO "D35"]
[Time "07:00:30"]
[TimeControl "2700+45"]

1. d4 d5 2. c4 e6 3. Nc3 Nf6 4. cxd5 exd5 5. Bg5 Be7 6. e3 O-O 7. Bd3 Nbd7 8.
Qc2 c5 9. b3 cxd4 10. exd4 Bb4 11. Bxh7+ Kh8 12. Bd3 Qa5 13. Bd2 Re8+ 14. Nge2
Ne4 15. O-O Ndf6 16. f3 Nxc3 17. Nxc3 Qb6 18. a3 Qxd4+ 19. Kh1 Bd6 20. Nb5 Qb6
21. Nxd6 Qxd6 22. Bb4 Qc6 23. Rfe1 Qxc2 24. Bxc2 Bd7 25. Bc3 Nh7 26. Rxe8+ Rxe8
27. Re1 Rxe1+ 28. Bxe1 Ng5 29. h4 Ne6 30. Kg1 Kg8 31. Bf5 g6 32. Bxe6 Bxe6 33.
Bc3 a6 34. Kf2 Kf8 35. Ke3 Ke7 36. g4 f5 37. Kf4 Kf7 38. Bd4 b5 39. b4 Ke7 40.
h5 gxh5 41. gxh5 Kf7 42. Kg5 Kg8 43. h6 Kh7 44. f4 Bc8 45. Bg7 Bd7 46. Kf6 d4
47. Ke7 d3 48. Bc3 Bc8 49. Bd2 Kxh6 50. Kd6 Kh5 51. Kd5 Kg4 52. Kd4 Kf3 53. Kxd3
Bb7 54. Kd4 Ke2 55. Be3 Be4 56. Bg1 Kd2 57. Kc5 Kc3 58. Kb6 Kb3 59. Kxa6 Kxa3
60. Kxb5 Kb3 61. Bc5 Bd3+ 62. Ka5 Kc4 63. Bf8 Kd5 64. b5 Ke4 65. Bd6 Kd5 66. Bc7
Kc5 67. b6 Be4 68. Ka6 Bd3+ 69. Ka7 Kc6 70. b7 Kxc7 71. b8=Q+ Kc6 72. Qb6+ Kd5
73. Qe3 Be4 74. Kb6 Ke6 75. Kc5 Kf6 76. Qd4+ Kg6 77. Kd6 Kh5 78. Qg1 Kh4 79. Ke6
Kh5 80. Qg5# {Black checkmated} 1-0